 Dungeon Crawl Stone Soup version 0.20-a0-259-gc929cd2 (console) character file.

11031 nht the Severer (level 11, 0/98 HPs)
             Began as a Minotaur Chaos Knight on Dec 2, 2016.
             Slain by a manticore (10 damage)
             ... on level 11 of the Dungeon.
             The game lasted 00:27:02 (10361 turns).

nht the Severer (Minotaur Chaos Knight)            Turns: 10361, Time: 00:27:03

Health: 0/98       AC: 10    Str: 22    XL:     11   Next: 44%
Magic:  10/10      EV: 11    Int:  9    God:    Xom [......]
Gold:   622        SH:  5    Dex: 11    Spells: 10/10 levels left

rFire  + . .     SeeInvis .     a - +3 battleaxe
rCold  . . .     Gourm    .     m - +2 ring mail {rF+}
rNeg   . . .     Faith    .     (shield currently unavailable)
rPois  +         Spirit   .     (helmet restricted)
rElec  .         Reflect  +     (no cloak)
rCorr  .         Harm     .     (no gloves)
MR     .....                    G - +0 pair of boots
Stlth  +.........               p - +5 amulet of reflection
                                F - ring of poison resistance
                                n - +3 ring of strength

@: about to teleport, marked, barbed spikes, very slightly contaminated,
invisible
A: retaliatory headbutt, horns 2, icy blue scales 1, robust 2
a: Renounce Religion


You were on level 11 of the Dungeon.
You worshipped Xom.
You were a very special plaything of Xom.
You were not hungry.

You visited 1 branch of the dungeon, and saw 11 of its levels.
You also visited: Ossuary.

You collected 760 gold pieces.
You spent 138 gold pieces at shops.

Inventory:

Hand Weapons
 a - a +3 battleaxe (weapon)
 w - a +2 longbow of freezing
 z - the +1 hunting sling of Misery {freeze, SInv}
   (You found it on level 7 of the Dungeon)

   It causes projectiles fired from it to freeze those they strike, causing
   extra injury to most foes and up to half again as much damage against
   particularly susceptible opponents.
   They can also slow down cold-blooded creatures.
   It lets you see invisible.
 C - the +6 long sword of Perversion {slice, MR- Str+6 Int+3 Dex+3, unknown}
   (You found it on level 11 of the Dungeon)

   It inflicts extra damage upon your enemies.
   It affects your strength (+6).
   It affects your intelligence (+3).
   It affects your dexterity (+3).
   It affects your resistance to hostile enchantments.
Missiles
 t - 8 tomahawks (quivered)
 H - 225 arrows
Armour
 m - a +2 ring mail of fire resistance (worn)
 s - a +3 chain mail
 G - a +0 pair of boots (worn)
 M - a +0 troll leather armour
Jewellery
 n - a +3 ring of strength (left hand)
 p - a +5 amulet of reflection (around neck)
 F - a ring of poison resistance (right hand)
Wands
 b - a wand of teleportation (6/9)
 k - a wand of polymorph (8/24)
 v - a wand of teleportation (6/9)
 y - a wand of lightning (2/15)
 A - a wand of disintegration (5/24)
 B - a wand of lightning (2/15)
 D - a wand of flame (35/48)
Scrolls
 e - 9 scrolls of remove curse
 j - 6 scrolls of enchant armour
 q - a scroll of immolation
 u - 2 scrolls of recharging
 x - 3 scrolls of enchant weapon
 N - 2 scrolls of identify
Potions
 h - 3 potions of cure mutation
 l - 2 potions of flight
 r - 5 potions of curing
 K - a potion of resistance
Comestibles
 c - 9 bread rations
 f - 2 beef jerkies
 g - 3 meat rations
 i - 9 slices of pizza
 o - 7 fruits
 E - 2 royal jellies
 L - a chunk of flesh


   Skills:
 - Level 3.6 Fighting
 + Level 19.8 Axes
 - Level 2.4 Armour
 - Level 1.1 Dodging


You had 10 spell levels left.
You didn't know any spells.

Dungeon Overview and Level Annotations

Branches:
Dungeon (11/15)            Temple (0/1) D:4            Lair (0/6) D:8
    Orc (0/2) D:9

Altars:
Dithmenos
Okawaru
Sif Muna
Xom
Yredelemnul
Zin

Shops:
D:9 *


Innate Abilities, Weirdness & Mutations

You reflexively headbutt those who attack you in melee.
You have a pair of horns on your head.
You are partially covered in icy blue scales. (AC +2)
You are very robust. (+20% HP)


Message History

You hit the worker ant but do no damage.
You slash the hill giant! You hit the manticore. You slash the troll!
The hill giant hits you with a giant spiked club!
* * * LOW HITPOINT WARNING * * *
The manticore barely misses you. You block the manticore's attack.
The manticore claws you!
* * * LOW HITPOINT WARNING * * *
The worker ant barely misses you. You furiously retaliate!
You headbutt the worker ant!
You catch the helpless worker ant completely off-guard!
You slice the worker ant!!
You kill the worker ant!
The worker ant's corpse disappears in a puff of smoke!
You slash the hill giant! You slash the manticore! You slash the troll!
You catch the helpless ice beast completely off-guard!
You hit the ice beast. The ice beast closely misses you.
You block the troll's attack. The troll claws you but does no damage.
The troll closely misses you. The manticore bites you!
You die...
Xom thinks this is hilarious!

....... ...............█.......
...... ................█.......
.██..███████..........)..█.......
.███'██...██.............█.......
..........█..............█..|....
.>........██...██...██...██..██..
.██..██...██...██...██...███'███+
.██..███'███.<.█CZ...[...█.......
.██...█........█@Yo......█.......
......█........█HTo......█.......
......█...██...██oo█████+███.██..
.██..██...██5..██h.███...███'██..
.█ ..██...██....█..hC............
......█.........█................
......█...██..███+███..██.████...
......'...██..███.███..██.███████
.██..██...██......█..........█


You could see a hill giant, a manticore, a troll, a raiju, an ice beast, a
howler monkey, 4 orcs and a centaur zombie.

Vanquished Creatures
  A centaur warrior (D:9)
  A hill giant (D:10)
  Pikel (D:5)
  A manticore (D:11)
  A komodo dragon (D:10)
  A hornet (D:8)
  A troll (D:11)
  5 hippogriffs
  A wraith (D:11)
  2 basilisks (D:8)
  7 yaks
  2 hungry ghosts
  A steam dragon (D:10)
  Menkaure (D:5)
  2 porcupines (D:8)
  2 ice beasts
  6 orc warriors
  A sky beast (D:5)
  A slave (D:5)
  An eye of draining (D:8)
  A black bear (D:8)
  4 ogres
  2 wolves (D:8)
  4 crocodiles (D:8)
  A centaur (D:6)
  Blork the orc (D:5)
  8 bullfrogs
  Dowan (D:4)
  2 scorpions
  8 killer bees
  4 howler monkeys (D:11)
  A howler monkey (shapeshifter) (D:8)
  7 wights (D:7)
  2 centaur zombies
  4 crimson imps
  2 bullfrog zombies (D:8)
  2 quasits
  3 hounds
  6 orc wizards
  A bullfrog skeleton (D:11)
  A jelly (D:8)
  6 orc priests
  A centaur skeleton (D:8)
  Terence (D:2)
  7 worker ants
  4 iguanas
  A big kobold zombie (Ossuary)
  2 hound zombies
  2 hound skeletons
  3 worker ant zombies
  8 mummies (Ossuary)
  11 adders
  2 shadow imps
  An adder skeleton (D:6)
  2 worms (D:3)
  5 leopard geckos
  31 orcs
  13 bats
  3 giant cockroaches
  21 goblins
  8 hobgoblins
  4 jackals
  8 kobolds
  4 quokkas
  4 ball pythons
  5 frilled lizards
  A goblin zombie (D:5)
  A hobgoblin zombie (Ossuary)
  6 orc zombies (Ossuary)
  A quokka zombie (D:5)
  6 rats
276 creatures vanquished.

Vanquished Creatures (collateral kills)
  Duvessa (D:4)
  The ghost of KristoblXynda the Ruffian, an amateur DrMo (D:4)
  An ogre (D:4)
  A centaur (D:6)
  An orc priest (D:4)
  An iguana (D:8)
  Robin (D:4)
  An adder (D:7)
  An ooze (D:4)
  An orc (D:4)
  A giant cockroach (D:4)
  4 hobgoblins (D:4)
  A frilled lizard (D:4)
  A goblin (D:4)
17 creatures vanquished.

Vanquished Creatures (others)
  A slave (D:4)
  A centaur (D:11)
  A bullfrog (D:6)
  A jackal (D:6)
4 creatures vanquished.

Grand Total: 297 creatures vanquished

Notes
Turn   | Place    | Note
-------+----------+-------------------------------------------
     0 | D:1      | nht the Minotaur Chaos Knight began the quest for the Orb.
     0 | D:1      | Reached XP level 1. HP: 19/19 MP: 0/0
   151 | D:1      | XOM: potion effect (invisibility)
   152 | D:1      | Reached skill level 4 in Axes
   157 | D:1      | Reached XP level 2. HP: 26/26 MP: 1/1
   681 | D:1      | XOM: divination: detect items
   725 | D:2      | XOM: potion effect (brilliance)
   727 | D:2      | Reached skill level 5 in Axes
   829 | D:2      | Reached XP level 3. HP: 16/31 MP: 2/2
   952 | D:2      | Noticed Terence
   968 | D:2      | Killed Terence
   968 | D:2      | Reached skill level 6 in Axes
   968 | D:2      | Reached XP level 4. HP: 20/39 MP: 3/3
  1013 | D:2      | Found an iron altar of Okawaru.
  1068 | D:2      | XOM: harmless Divn miscast
  1162 | D:2      | XOM: harmless Tloc miscast
  1300 | D:3      | Found a basalt altar of Yredelemnul.
  1406 | D:3      | Found a faded altar of an unknown god.
  1568 | D:3      | XOM: noise
  1716 | D:3      | XOM: 1-stop teleportation journey
  1817 | D:3      | Reached XP level 5. HP: 44/45 MP: 4/4
  1928 | D:3      | Reached skill level 7 in Axes
  2032 | D:3      | XOM: divination: detect items
  2075 | D:4      | Noticed an ogre
  2083 | D:4      | Killed an ogre
  2171 | D:4      | Noticed KristoblXynda's ghost (amateur DrMo)
  2175 | D:4      | Killed KristoblXynda's ghost
  2175 | D:4      | Reached skill level 8 in Axes
  2175 | D:4      | Reached XP level 6. HP: 44/51 MP: 5/5
  2235 | D:4      | Noticed Robin
  2252 | D:4      | XOM: scenery: 2 doors open
  2254 | D:4      | Killed Robin
  2959 | D:4      | Found a staircase to the Ecumenical Temple.
  3003 | D:4      | XOM: god gift: plate armour {god gift}
  3075 | D:4      | XOM: 2-stop teleportation journey
  3189 | D:4      | Noticed Duvessa
  3403 | D:4      | XOM: noise
  3411 | D:4      | XOM: summons 2 hostile shadow creatures
  3414 | D:4      | Noticed Dowan
  3419 | D:4      | Killed Dowan
  3419 | D:4      | Reached skill level 9 in Axes
  3421 | D:4      | Killed Duvessa
  3509 | D:5      | Entered Level 5 of the Dungeon
  3524 | D:5      | Noticed Blork the orc
  3534 | D:5      | Killed Blork the orc
  3534 | D:5      | Reached XP level 7. HP: 48/57 MP: 6/6
  3578 | D:5      | Noticed Menkaure
  3591 | D:5      | Killed Menkaure
  3591 | D:5      | Reached skill level 10 in Axes
  3729 | D:5      | Found a sand-covered staircase.
  3874 | Ossuary  | Entered an ossuary
  3959 | Ossuary  | XOM: give mutations
  3959 | Ossuary  | Gained mutation: You are clumsy. (Dex -2) [Xom's mischief]
  3959 | Ossuary  | Gained mutation: You are dopey. (Int -2) [Xom's mischief]
  3959 | Ossuary  | Gained mutation: You are frail. (-10% HP) [Xom's mischief]
  3973 | Ossuary  | XOM: butterfly on damage
  3980 | Ossuary  | Reached skill level 11 in Axes
  4222 | Ossuary  | XOM: harmless Pois miscast
  4377 | Ossuary  | Lost mutation: You are dopey. (Int -2) [potion of cure mutation]
  4377 | Ossuary  | Lost mutation: You are clumsy. (Dex -2) [potion of cure mutation]
  4377 | Ossuary  | Lost mutation: You are frail. (-10% HP) [potion of cure mutation]
  4407 | D:5      | Noticed Pikel
  4408 | D:5      | XOM: blink monster(s)
  4417 | D:5      | XOM: torment (23/57 hp)
  4420 | D:5      | XOM: cleaving
  4440 | D:4      | XOM: divine lightning (protected)
  4533 | D:4      | XOM: medium Ice miscast
  4707 | D:5      | Found a shadowy altar of Dithmenos.
  4707 | D:5      | Found a deep blue altar of Sif Muna.
  4831 | D:5      | XOM: potion effect (haste)
  4853 | D:5      | Killed Pikel
  4853 | D:5      | Reached skill level 12 in Axes
  4853 | D:5      | Reached XP level 8. HP: 37/64 MP: 7/7
  4896 | D:6      | XOM: mild Tloc miscast
  4915 | D:6      | XOM: mild Fire miscast
  4991 | D:6      | XOM: summons 2 friendly demons
  5179 | D:6      | Reached skill level 13 in Axes
  5289 | D:6      | XOM: mild Pois miscast
  5356 | D:6      | XOM: mild Divn miscast
  5486 | D:6      | XOM: god gift: mace {god gift}
  5623 | D:6      | XOM: fog
  5640 | D:7      | XOM: 1-stop teleportation journey
  5749 | D:7      | Reached XP level 9. HP: 54/70 MP: 8/8
  5751 | D:7      | Reached skill level 14 in Axes
  5764 | D:7      | XOM: 2-stop teleportation journey
  5842 | D:7      | XOM: 1-stop teleportation journey
  6014 | D:7      | XOM: 4-stop teleportation journey
  6267 | D:7      | Got a fine hunting sling
  6401 | D:7      | XOM: god gift: runed helmet {god gift}
  6486 | D:8      | XOM: destruction
  6492 | D:8      | Reached skill level 15 in Axes
  6560 | D:8      | Found a flagged portal.
  6768 | D:8      | Found a staircase to the Lair.
  6768 | D:8      | XOM: 5-stop teleportation journey
  6887 | D:8      | XOM: potion effect (curing)
  6893 | D:8      | XOM: potion effect (haste)
  6896 | D:8      | XOM: potion effect (agility)
  6911 | D:8      | Reached skill level 16 in Axes
  6912 | D:8      | XOM: summons 4 friendly demons
  6922 | D:8      | XOM: polymorph crimson imp -> shadow imp
  6931 | D:8      | XOM: polymorph shadow imp -> iron imp
  6941 | D:8      | Reached XP level 10. HP: 60/77 MP: 9/9
  6959 | D:8      | XOM: cleaving
  7130 | D:8      | XOM: cleaving
  7131 | D:8      | XOM: polymorph bullfrog -> howler monkey
  7258 | D:8      | XOM: give mutations
  7258 | D:8      | Gained mutation: You are robust. (+10% HP) [Xom's grace]
  7258 | D:8      | Gained mutation: You are very robust. (+20% HP) [Xom's grace]
  7258 | D:8      | Gained mutation: You are partially covered in icy blue scales. (AC +2) [Xom's grace]
  7522 | D:9      | XOM: stealth player
  7522 | D:9      | Found a staircase to the Orcish Mines.
  7549 | D:9      | XOM: fake destruction
  7553 | D:9      | Reached skill level 17 in Axes
  7620 | D:9      | Noticed a centaur warrior
  7620 | D:9      | XOM: butterfly on damage
  7854 | D:9      | Found Loackoeth's Assorted Antiques.
  7874 | D:9      | Bought an iron wand for 96 gold pieces
  7874 | D:9      | Bought a fuming purple potion for 21 gold pieces
  7874 | D:9      | Bought a fuming yellow potion for 21 gold pieces
  8105 | D:9      | XOM: divination: magic mapping
  8113 | D:9      | XOM: summons friendly crimson imp
  8218 | D:9      | Killed a centaur warrior
  8218 | D:9      | Reached skill level 18 in Axes
  8243 | D:9      | XOM: god gift: runed flail {god gift}
  8331 | D:9      | Found a glowing silver altar of Zin.
  8532 | D:9      | XOM: scenery: create altars
  8849 | D:10     | Entered Level 10 of the Dungeon
  8896 | D:10     | XOM: scenery: create altars
  8991 | D:10     | XOM: silly message
  9036 | D:10     | XOM: harmless Chrm miscast
  9100 | D:10     | Noticed a hill giant
  9108 | D:10     | Killed a hill giant
  9108 | D:10     | Reached XP level 11. HP: 40/98 MP: 10/10
  9430 | D:10     | XOM: potion effect (brilliance)
  9632 | D:10     | XOM: divination: magic mapping
  9729 | D:10     | XOM: harmless Fire miscast
  9734 | D:10     | Reached skill level 19 in Axes
  9739 | D:10     | XOM: silly message
  9743 | D:10     | XOM: god gift: large lapis lazuli amulet {god gift}
  9827 | D:11     | Got a steaming long sword
  9861 | D:11     | XOM: potion effect (might)
 10174 | D:11     | XOM: medium Divn miscast
 10233 | D:11     | XOM: summons friendly iron imp
 10260 | D:11     | Identified the cursed +1 hunting sling of Misery {freeze, SInv} (You found it on level 7 of the Dungeon)
 10305 | D:11     | Noticed a hill giant
 10356 | D:11     | XOM: summons 4 hostile shadow creatures
 10357 | D:11     | Noticed a hill giant
 10361 | D:11     | Slain by a manticore

Vault maps used:
D:1:      dpeg_arrival_morbid_curiosity
D:2:      okawaru_gym_becter, uniq_terence
D:3:      overflow_temple_1_default, chequers_ecumenical_altar_lobes
D:4:      minmay_bent, uniq_duvessa, uniq_robin
D:5:      gammafunk_temple_overflow_wave, first_bread, enter_ossuary_4,
          uniq_blork_the_orc, uniq_menkaure, uniq_pikel
D:8:      minmay_lair_entry_grove, enter_bailey_3, grunt_pizzeria
D:9:      zin_treasury, orc_0_dummy, serial_shops,
          nicolae_shop_temple_entry_statues_fountains
Ossuary:  ossuary_tomb_3

Skill      XL: |  1  2  3  4  5  6  7  8  9 10 11 |
---------------+----------------------------------+-----
Axes           | 4 5 6 8 9 12 13 16 18 19 | 19.8
Fighting       | |  3.6
Armour         | |  2.4
Dodging        | |  1.1

Action                   |  1- 3 |  4- 6 |  7- 9 | 10-12 || total
-------------------------+-------+-------+-------+-------++-------
Melee: Hand axe          |    70 |   161 |   152 |       ||   383
       Headbutt          |     9 |    20 |    67 |    56 ||   152
       War axe           |       |       |    40 |       ||    40
       Battleaxe         |       |       |    93 |   286 ||   379
Evoke: Wand              |       |       |    17 |    11 ||    28
  Use: Scroll            |     2 |     6 |    11 |    14 ||    33
       Potion            |       |     7 |     3 |     4 ||    14
 Stab: Invisible         |     3 |       |     1 |     3 ||     7
       Paralysed         |       |     1 |     3 |       ||     4
       Distracted        |       |       |     1 |     1 ||     2
  Eat: Chunk             |       |     8 |     9 |    12 ||    29
       Fruit             |       |       |     1 |       ||     1
       Pizza             |       |       |     1 |       ||     1
Armor: Leather armour    |    26 |    60 |       |       ||    86
       Ring mail         |       |     8 |    91 |    88 ||   187
Dodge: Dodged            |    44 |    99 |   101 |   124 ||   368
Block: Other             |       |       |    17 |    72 ||    89
       Reflection        |       |       |       |     2 ||     2
